 Dungeon Crawl Stone Soup version 0.22.0-35-ge4bf2f5f59 (webtiles) character file.

590 Steforg the Skirmisher (level 7, -5/56 HPs)
             Began as a Demonspawn Monk on Aug 20, 2018.
             Was a Believer of Nemelex Xobeh.
             Slain by a gnoll
             ... wielding a +0 halberd
              (16 damage)
             ... on level 5 of the Dungeon on Aug 23, 2018.
             The game lasted 00:35:26 (8018 turns).

Steforg the Skirmisher (Demonspawn Monk)            Turns: 8018, Time: 00:35:27

Health: -5/56      AC:  9    Str: 14    XL:     7   Next: 15%
Magic:  10/10      EV: 18    Int: 11    God:    Nemelex Xobeh [**....]
Gold:   198        SH:  0    Dex: 20    Spells: 6/6 levels left

rFire    . . .     SeeInvis +   a - +0 spear
rCold    . . .     Gourm    .   (no shield)
rNeg     . . .     Faith    .   n - +0 leather armour
rPois    .         Spirit   .   (helmet unavailable)
rElec    .         Reflect  .   (no cloak)
rCorr    .         Harm     .   (no gloves)
MR       .....                  (no boots)
Stlth    ++++++....             (no amulet)
HPRegen  0.18/turn              e - ring of stealth
MPRegen  0.12/turn              (no ring)

@: agile, sanguine armour
A: antennae 3, demonic guardian 1, nightstalker 1, sanguine armour 1
a: Renounce Religion


You were on level 5 of the Dungeon.
You worshipped Nemelex Xobeh.
Nemelex Xobeh was pleased with you.
You were hungry.

You visited 1 branch of the dungeon, and saw 6 of its levels.

You collected 198 gold pieces.

Inventory:

Hand Weapons
 a - a +0 spear (weapon)
 p - a +0 hunting sling
 y - a +3 dire flail
Missiles
 h - 165 stones
 m - 17 poisoned needles
 G - a tomahawk (quivered)
Armour
 b - a +0 robe
 n - a +0 leather armour (worn)
 t - a +0 ring mail
 v - a +0 ring mail of magic resistance
 x - a +0 chain mail
Jewellery
 e - a ring of stealth (left hand)
 f - an uncursed ring of protection from fire {unknown}
 B - a +2 ring of strength {unknown}
Wands
 w - a wand of polymorph (13)
Scrolls
 g - 2 scrolls of identify
 l - a scroll of noise {unknown}
 s - a scroll of amnesia {unknown}
 u - a scroll of teleportation {unknown}
 C - a scroll of remove curse
 E - a scroll of magic mapping {unknown}
Potions
 d - a potion of heal wounds {unknown}
 i - a potion of ambrosia {unknown}
 j - 3 potions of haste
 o - a potion of cancellation {unknown}
 q - 2 potions of might
 r - 2 potions of brilliance
Miscellaneous
 z - a plain deck of escape {drawn: 1}
 A - a plain deck of summoning {drawn: 5}
 D - an ornate deck of summoning
Comestibles
 c - 5 rations
 F - 6 chunks of flesh


   Skills:
 + Level 5.1 Fighting
 - Level 4.5 Polearms
 - Level 2.6 Dodging
 - Level 4.0 Stealth
 + Level 4.1 Invocations


You had 6 spell levels left.
You didn't know any spells.
Your spell library contained the following spells:

 Spells                   Type           Power        Failure   Level  Hunger
 Corona                   Hex            #......      41%         1    ##.....
 Ensorcelled Hibernation  Hex/Ice        #.....       56%         2    ###....
 Confuse                  Hex            #.......     80%         3    ####...
 Dazzling Spray           Conj/Hex       #.....       80%         3    ####...
 Tukima's Dance           Hex            #.......     80%         3    ####...


Dungeon Overview and Level Annotations

Branches:
Dungeon (6/15)
 Temple: D:4-7

Altars:
Ashenzari
Fedhas
Hepliaklqana
Kikubaaqudgha
Makhleb
Nemelex Xobeh
Okawaru
Sif Muna
Wu Jian

Annotations:
D:2 1 runed door, Terence
D:3 exclusion: 2 downstairs
D:4 1 runed door, exclusion: downstairs, wont's ghost, novice DEHu
D:5 exclusions: centaur and 1 more exclusion


Innate Abilities, Weirdness & Mutations

You have a pair of large antennae on your head. (SInv)
A weak demonic guardian rushes to your aid.
You are slightly more attuned to the shadows.
When seriously injured, your bleeding wounds create armour. (AC +6)


Message History

The orc is moderately wounded.
The orc misses you.
Your white imp hits the orc.
Your white imp freezes the orc.
The gnoll closely misses you.
You hit the gnoll.
The gnoll is almost dead.
The orc wizard mumbles some strange words.
The orc wizard blinks!
The orc closely misses you.
Your white imp gestures at the orc.
The puff of frost hits the orc.
The orc dies!
The orc wizard casts a spell.
The orc wizard blinks!
You barely miss the gnoll.
The gnoll is almost dead.
The gnoll misses you.
You hit the gnoll but do no damage.
The gnoll is almost dead.
The gnoll hits you with a halberd!
You die...
Your body disappears without a glow.

###.######.....#.#
#..........<#....#
#.#.####...[...###
#.#.# #.#..#..###
#.#.####.#)..§..[.
#.#.#.......#..###
#.#.#..........#
#5#.#..#.#.....#
#@#............#
#g###..#§#....##
#§# #..#.#....####
#.###{...........#
#.§...............
######.#.######...
#.#.#### ##.#
####..<...# ##.#
#......##.# #..#


You could see a gnoll and a friendly white imp.

Vanquished Creatures
  An ogre (D:4)
  A big kobold (D:4)
  A crimson imp (D:5)
  A hound (D:2)
  A bullfrog skeleton (D:5)
  3 iguanas
  3 worker ants (D:5)
  Robin (D:1)
  3 adders
  3 oozes
  An adder skeleton (D:4)
  A worm (D:2)
  2 dart slugs (D:2)
  2 leopard geckos
  7 orcs
  3 ball pythons
  10 bats
  8 giant cockroaches
  4 hobgoblins
  5 jackals
  5 kobolds
  2 quokkas (D:4)
  3 frilled lizards (D:3)
  18 goblins
  8 rats
97 creatures vanquished.

Vanquished Creatures (collateral kills)
  2 wights (D:5)
  A worker ant (D:6)
  An orc (D:5)
4 creatures vanquished.

Vanquished Creatures (others)
  14 fungi (D:5)
14 creatures vanquished.

Grand Total: 115 creatures vanquished

Notes
Turn   | Place    | Note
-------+----------+-------------------------------------------
     0 | D:1      | Steforg the Demonspawn Monk began the quest for the Orb.
     0 | D:1      | Reached XP level 1. HP: 18/18 MP: 1/1
   497 | D:1      | Reached skill level 3 in Polearms
   497 | D:1      | Gained mutation: When seriously injured, your bleeding wounds create armour. (AC +6) [demonic ancestry]
   497 | D:1      | Reached XP level 2. HP: 19/24 MP: 2/2
   573 | D:1      | Found an iron altar of Okawaru.
   826 | D:2      | Noticed Robin
   895 | D:2      | Noticed Terence
   946 | D:2      | Found a runed door.
  1057 | D:1      | Gained mutation: You are slightly more attuned to the shadows. [demonic ancestry]
  1057 | D:1      | Reached XP level 3. HP: 16/29 MP: 3/3
  1603 | D:1      | Reached skill level 2 in Stealth
  2206 | D:1      | Killed Robin
  2206 | D:1      | Gained mutation: You have a pair of small antennae on your head. [demonic ancestry]
  2206 | D:1      | Reached XP level 4. HP: 20/36 MP: 4/4
  3140 | D:2      | Reached skill level 4 in Polearms
  3140 | D:2      | Reached skill level 3 in Stealth
  3176 | D:2      | Found a burning altar of Makhleb.
  3417 | D:3      | Gained mutation: You have a pair of antennae on your head. [demonic ancestry]
  3417 | D:3      | Reached XP level 5. HP: 41/41 MP: 5/5
  3803 | D:3      | Found an ornate altar of the Wu Jian Council.
  4502 | D:4      | Found an ancient bone altar of Kikubaaqudgha.
  4821 | D:4      | Noticed an ogre
  5261 | D:4      | Noticed wont's ghost (novice DEHu)
  5264 | D:4      | Found a runed door.
  5429 | D:4      | Noticed an ogre
  5538 | D:5      | Entered Level 5 of the Dungeon
  5538 | D:5      | Noticed a centaur
  5804 | D:5      | Found a shattered altar of Ashenzari.
  5804 | D:5      | Found a blossoming altar of Fedhas.
  5806 | D:5      | Found a deep blue altar of Sif Muna.
  5902 | D:5      | Reached skill level 4 in Stealth
  5915 | D:5      | Found a hazy altar of Hepliaklqana.
  5916 | D:5      | Found a sparkling altar of Nemelex Xobeh.
  5954 | D:5      | Became a worshipper of Nemelex Xobeh the Trickster
  5954 | D:5      | Received a gift from Nemelex Xobeh
  5954 | D:5      | Reached * piety under Nemelex Xobeh
  5954 | D:5      | Received a gift from Nemelex Xobeh
  5954 | D:5      | Reached ** piety under Nemelex Xobeh
  6076 | D:5      | Reached skill level 4 in Fighting
  6076 | D:5      | Gained mutation: You have a pair of large antennae on your head. (SInv) [demonic ancestry]
  6076 | D:5      | Reached XP level 6. HP: 39/48 MP: 6/6
  6244 | D:5      | Reached skill level 1 in Invocations
  6516 | D:5      | Reached skill level 2 in Invocations
  6690 | D:5      | Noticed a steam dragon
  6889 | D:5      | Upgraded the game from 0.22.0-25-g7663229ff0 to 0.22.0-35-ge4bf2f5f59
  7084 | D:5      | Noticed a steam dragon
  7396 | D:6      | Noticed an orc warrior
  7590 | D:4      | Noticed a wyvern
  7590 | D:4      | an ogre changed into a wyvern
  7591 | D:4      | a wyvern changed into a big kobold
  7615 | D:4      | Reached skill level 3 in Invocations
  7656 | D:4      | Received a gift from Nemelex Xobeh
  7910 | D:4      | Reached skill level 5 in Fighting
  7910 | D:4      | Gained mutation: A weak demonic guardian rushes to your aid. [demonic ancestry]
  7910 | D:4      | Reached XP level 7. HP: 56/56 MP: 9/9
  7974 | D:5      | Reached skill level 4 in Invocations
  8018 | D:5      | Slain by a gnoll

Skill      XL: |  1  2  3  4  5  6  7 |
---------------+----------------------+-----
Polearms       | 3 4 |  4.5
Stealth        | 2 3 4 |  4.0
Fighting       | 4 5 |  5.1
Invocations    | 3 4 |  4.1
Dodging        | |  2.6

Action                   |  1- 3 |  4- 6 |  7- 9 || total
-------------------------+-------+-------+-------++-------
Melee: Spear             |   179 |   399 |    18 ||   596
Throw: Stone             |    56 |    78 |       ||   134
       Tomahawk          |       |    20 |     3 ||    23
Evoke: Deck              |       |     4 |     2 ||     6
       Wand              |       |     2 |       ||     2
  Use: Potion            |     2 |     4 |     1 ||     7
       Scroll            |     1 |     8 |       ||     9
 Stab: Sleeping          |     3 |     3 |       ||     6
       Petrified         |       |    14 |       ||    14
       Distracted        |       |       |     1 ||     1
  Eat: Chunk             |     4 |    15 |       ||    19
       Ration            |       |     1 |       ||     1
Armor: Robe              |    38 |     1 |       ||    39
       Leather armour    |       |    34 |     2 ||    36
Dodge: Dodged            |   156 |   159 |    15 ||   330
